 Dungeon Crawl Stone Soup version 0.20-a0-1040-gfd09691 (webtiles) character file.

695 Alarkh the Skirmisher (level 7, -7/55 HPs)
             Began as a Mummy Fighter on Apr 23, 2017.
             Mangled by an ogre
             ... wielding a +0 giant club
              (26 damage)
             ... on level 4 of the Dungeon.
             The game lasted 00:08:01 (3922 turns).

Alarkh the Skirmisher (Mummy Fighter)               Turns: 3922, Time: 00:08:01

Health: -7/55      AC:  8    Str: 19    XL:     7   Next: 37%
Magic:  7/7        EV:  8    Int: 10    God:
Gold:   219        SH:  9    Dex: 11    Spells: 6/6 levels left

rFire    x . .     SeeInvis .   a - +0 long sword
rCold    + . .     Gourm    .   c - +0 shield
rNeg     + + +     Faith    .   b - +0 scale mail
rPois    ∞         Spirit   .   (no helmet)
rElec    .         Reflect  .   i - +0 cloak
rCorr    .         Harm     .   (no gloves)
MR       .....                  (no boots)
Stlth    ..........             r - amulet of regeneration
Regen    0.6/turn               (no ring)
MPRegen  0.1/turn               (no ring)

@: no status effects
A: no food or potions, fire vulnerability, cold resistance 1, negative energy
resistance 3, torment resistance, unbreathing
a: no special abilities


You were on level 4 of the Dungeon.
You were not hungry.

You visited 1 branch of the dungeon, and saw 4 of its levels.

You collected 219 gold pieces.

Inventory:

Hand Weapons
 a - a +0 long sword (weapon)
Armour
 b - a +0 scale mail (worn)
 c - a +0 shield (worn)
 i - a +0 cloak (worn)
 j - a +0 helmet
Jewellery
 k - a +2 ring of strength {unknown}
 r - an amulet of regeneration (around neck)
Scrolls
 d - a scroll of enchant armour
 e - a scroll of identify
 f - 2 scrolls of noise
 g - a scroll of remove curse {unknown}
 h - 2 scrolls of amnesia {unknown}


   Skills:
 + Level 4.5 Fighting
 * Level 4.3 Long Blades
 + Level 3.3 Armour
 + Level 2.5 Dodging
 + Level 3.5 Shields


You had 6 spell levels left.
You didn't know any spells.

Dungeon Overview and Level Annotations

Branches:
Dungeon (4/15)
 Temple: D:4-7

Altars:
Ashenzari
Uskayaw
The Shining One


Innate Abilities, Weirdness & Mutations

You do not eat or drink.
Your flesh is vulnerable to fire.
You are immune to poison.
Your flesh is cold resistant. (rC+)
You are immune to negative energy. (rN+++)
You are immune to unholy pain and torment.
You can survive without breathing.


Message History

The ogre hits you with a giant club.
You slash the ogre!
The ogre is severely wounded.
You block the ogre's attack.
You hit the ogre.
The ogre is almost dead.
You block the ogre's attack.
You barely miss the ogre.
The ogre is severely wounded.
The ogre hits you with a giant club!
You are too injured to fight recklessly!
You are too injured to fight recklessly!
You can't drink.
You barely miss the ogre.
The ogre is severely wounded.
You block the ogre's attack.
Your shield prevents you from hitting the ogre.
The ogre is severely wounded.
The ogre hits you with a giant club!!
You die...

### .. #.#
#.#######.######
#.....>.@O......
######.##.######
#.##.# #.##.# #.##.#
###.##.#
#......###############
#)#.............).@...
#.#########..........#


You could see an ogre.

Vanquished Creatures
  Sigmund (D:4)
  A phantom (D:3)
  A water moccasin skeleton (D:4)
  Crazy Yiuf (D:2)
  A hound (D:4)
  An orc wizard (D:3)
  Ijyb (D:3)
  A worker ant (D:4)
  Robin (D:3)
  4 gnolls (D:2)
  5 adders
  3 worms
  2 dart slugs
  5 leopard geckos
  10 orcs
  4 ball pythons
  7 giant cockroaches
  14 goblins
  9 hobgoblins
  7 jackals
  4 quokkas
  10 bats
  10 frilled lizards
  A jackal skeleton (D:4)
  9 kobolds
  A leopard gecko skeleton (D:3)
  4 rats
118 creatures vanquished.

Vanquished Creatures (others)
  An orc wizard (D:3)
1 creature vanquished.

Grand Total: 119 creatures vanquished

Notes
Turn   | Place    | Note
-------+----------+-------------------------------------------
     0 | D:1      | Alarkh the Mummy Fighter began the quest for the Orb.
     0 | D:1      | Reached XP level 1. HP: 18/18 MP: 1/1
   310 | D:1      | Reached XP level 2. HP: 22/24 MP: 2/2
  1038 | D:2      | Reached XP level 3. HP: 27/29 MP: 3/3
  1092 | D:2      | Reached skill level 1 in Dodging
  1701 | D:2      | Reached XP level 4. HP: 16/35 MP: 4/4
  1852 | D:2      | Found a glowing golden altar of the Shining One.
  2362 | D:2      | Found a runed door.
  2366 | D:2      | Noticed Crazy Yiuf
  2461 | D:2      | Killed Crazy Yiuf
  2461 | D:2      | Reached XP level 5. HP: 15/41 MP: 5/5
  2626 | D:3      | Noticed Robin
  2662 | D:3      | Killed Robin
  2663 | D:3      | Noticed Ijyb
  2686 | D:3      | Killed Ijyb
  2805 | D:3      | Reached XP level 6. HP: 48/48 MP: 6/6
  3614 | D:4      | Reached XP level 7. HP: 43/55 MP: 7/7
  3639 | D:4      | Found a shattered altar of Ashenzari.
  3666 | D:4      | Found a hide-covered altar of Uskayaw.
  3671 | D:4      | Noticed Sigmund
  3855 | D:4      | Killed Sigmund
  3922 | D:4      | Mangled by an ogre

Vault maps used:
D:1:      dpeg_arrival_arbitrary_b, lemuel_another_geyser
D:2:      lemuel_doored_altar, uniq_crazy_yiuf_cottage
D:3:      grunt_decor_mini_mirrors, kennysheep_doodads, glass_columns_b,
          uniq_robin, uniq_ijyb
D:4:      lemuel_crystal_altar, first_bread, minmay_misc_feat_cross,
          nicolae_ashenzari_panopticon, uniq_sigmund

Skill      XL: |  1  2  3  4  5  6 |
---------------+-------------------+-----
Long Blades    | 2 3 4 |  4.3
Dodging        | 1 2 |  2.5
Shields        | 3 |  3.5
Fighting       | 4 |  4.5
Armour         | 3 |  3.3

Action                   |  1- 3 |  4- 6 |  7- 9 || total
-------------------------+-------+-------+-------++-------
Melee: Long sword        |   136 |   341 |    27 ||   504
  Use: Scroll            |     4 |       |       ||     4
Armor: Scale mail        |    99 |   140 |     4 ||   243
Dodge: Dodged            |    62 |   130 |     3 ||   195
Block: Shield            |    90 |   194 |     8 ||   292
       Rpst.: Long sword |    15 |    37 |     1 ||    53
